 Dungeon Crawl Stone Soup version 0.31-a0-150-g89dc3ad700 (webtiles) character file.

Game seed: 7497596824714285162

6780 qw the Skirmisher (level 11, -2/71 HPs)
             Began as a Gargoyle Hunter on June 8, 2023.
             Was an Elder of Okawaru.
             Slain by a blink frog (8 damage)
             ... on level 1 of the Lair of Beasts.
             The game lasted 00:03:01 (7630 turns).

qw the Skirmisher (Gargoyle Hunter)                 Turns: 7630, Time: 00:03:01

Health: -2/71      AC: 25    Str: 20    XL:     11   Next: 5%
Magic:  14/15      EV: 16    Int:  8    God:    Okawaru [****..]
Gold:   49         SH:  0    Dex: 16    Spells: 10/10 levels left

rFire   . . .        Y - +0 longbow
rCold   . . .        (shield currently unavailable)
rNeg    + . .        c - +3 leather armour
rPois   inf          d - +1 helmet
rElec   +            (no cloak)
rCorr   .            t - +1 pair of gloves
SInv    +            b - +0 pair of boots
Will    .....        (no amulet)
Stlth   +++          r - +4 ring of protection
HPRegen 0.31/turn    i - ring of see invisible
MPRegen 0.14/turn

%: no passive effects
@: heroic
A: sickness immunity, AC +8, negative energy resistance 1, electricity
resistance, torment resistance 1, petrification resistance, passive freeze,
strong 1
a: Renounce Religion, Heroism, Finesse


You were on level 1 of the Lair of Beasts.
You worshipped Okawaru.
Okawaru was greatly pleased with you.
You visited 3 branches of the dungeon, and saw 10 of its levels.
You also visited: Sewer.

You collected 424 gold pieces.
You spent 375 gold pieces at shops.


Innate Abilities, Weirdness & Mutations

You are immune to sickness and miasma.
Your stone body is resilient. (AC +8)
You are immune to poison.
You resist negative energy. (rN+)
You are resistant to electric shocks. (rElec)
You are resistant to unholy torment.
You are immune to petrification.
A frigid envelope surrounds you and freezes all who hurt you.
Your muscles are strong. (Str +4, Int/Dex -1)


   Skills:
 - Level 9.0(14.0) Fighting
 - Level 13.1(18.1) Ranged Weapons
 - Level 3.0(8.0) Armour
 + Level 3.9(8.9) Dodging
 - Level 1.1(6.1) Stealth
 + Level 5.4 Invocations


You had 10 spell levels left.
You didn't know any spells.
Your spell library was empty.

Inventory:

Hand Weapons
 Y - a +0 longbow (weapon)
Armour
 b - a +0 pair of boots (worn)
 c - a +3 leather armour (worn)
 d - a +1 helmet (worn)
 t - a +1 pair of gloves (worn)
Jewellery
 i - a ring of see invisible (right hand)
 r - a +4 ring of protection (left hand)
 s - a ring of protection from cold
Scrolls
 g - a scroll of vulnerability {unknown}
 p - a scroll of identify
Potions
 a - a potion of degeneration {unknown}
 e - 2 potions of resistance
 f - a potion of haste
 j - 2 potions of mutation
 k - 2 potions of might
 l - a potion of magic
 n - 3 potions of curing
 o - a potion of ambrosia {unknown}
 q - a potion of lignification {unknown}

Dungeon Overview and Level Annotations

Branches:
Dungeon (8/15)             Temple (1/1) D:7            Lair (1/5) D:8
  Sewer (visited)

Altars:
Ashenzari
Cheibriados
Dithmenos
Elyvilon
Fedhas
Gozag
Hepliaklqana
Kikubaaqudgha
Makhleb
Nemelex Xobeh
Okawaru
Qazlal
Ru
Sif Muna
Trog
Uskayaw
Vehumet
Wu Jian
Xom
Yredelemnul
The Shining One

Shops:
D:5 =   D:8 *

Annotations:
D:4 1 transporter, qw's ghost, amateur MiHu


Message History

The yak is heavily wounded.
The yak barely misses you.
You shoot an arrow. The arrow hits the yak!
You kill the yak!
Okawaru accepts your kill.
The blink frog blinks!
The yak closely misses you.
You shoot an arrow. The arrow hits the yak!
The yak is severely wounded.
You shoot an arrow.
The arrow hits the yak but does no damage.
The yak is severely wounded.
The blink frog hits you but does no damage.
The blink frog is very cold.
The blink frog seems to slow down.
The blink frog is moderately wounded.
The yak misses you.
You shoot an arrow. The arrow hits the yak!
The yak is almost dead.
The blink frog hits you but does no damage.
The blink frog is very cold.
The blink frog seems to slow down.
The blink frog is moderately wounded.
The blink frog blinks!
The yak closely misses you. The blink frog closely misses you.
You shoot an arrow. The arrow hits the yak.
You kill the yak!
Okawaru accepts your kill. The blink frog hits you!
The blink frog is very cold.
The blink frog seems to slow down.
The blink frog is severely wounded.
The blink frog hits you but does no damage.
A death yak comes into view.
The blink frog hits you but does no damage.
The blink frog is very cold.
The blink frog seems to slow down.
The blink frog is heavily wounded.
You shoot an arrow.
The arrow closely misses the blink frog.
The sentinel's mark upon you fades away.
The blink frog misses you. The blink frog barely misses you.
You shoot an arrow. The arrow misses the blink frog.
The blink frog hits you!
You die...

## ..#
####.#####..#
............##
#...........###
#....|........
#.......F.....
##...FF%.......
#.....@%.......
.Y.....F........
.##+P###..##.###
...#.....#..#
.........#..#
.#.......#..##
#........#...#
#.......#).##
#.....#..#


You could see a death yak and 4 blink frogs.

Vanquished Creatures
  4 death yaks
  A black mamba (Lair:1)
  A cane toad (Lair:1)
  A komodo dragon (Lair:1)
  A hornet (D:8)
  A wyvern (Lair:1)
  3 yaks (Lair:1)
  5 water moccasins
  Duvessa (D:4)
  A sky beast (D:8)
  Pargi (Sewer)
  A black bear (D:5)
  An ogre (D:7)
  2 centaurs
  2 kobold brigands
  4 bullfrogs
  A phantom (D:7)
  2 gnoll sergeants
  3 scorpions
  Dowan (D:4)
  A howler monkey (D:5)
  3 jellies
  2 orc priests (D:7)
  3 hounds
  A gnoll bouda (D:7)
  4 iguanas (D:6)
  4 orc wizards
  A sleepcap (D:7)
  15 gnolls
  8 adders
  2 ufetubi
  2 worms
  4 dart slugs
  20 orcs
  8 ball pythons
  2 bats (D:1)
  7 endoplasms
  8 giant cockroaches
  7 goblins
  3 hobgoblins
  5 jackals
  6 quokkas
  5 frilled lizards
  25 kobolds
  6 rats
189 creatures vanquished.

Notes
Turn   | Place    | Note
-------+----------+-------------------------------------------
     0 | D:1      | qw the Gargoyle Hunter began the quest for the Orb.
     0 | D:1      | Reached XP level 1. HP: 12/12 MP: 1/1
     0 | D:1      | 0 ||| qw: Version: 0.2-a-119-g7aa9181
     0 | D:1      | 0 ||| qw: Game counter: 2882
     0 | D:1      | 0 ||| qw: Always use a shield: true
     0 | D:1      | 0 ||| qw: God list: Okawaru
     0 | D:1      | 0 ||| qw: Allow faded altars: false
     0 | D:1      | 0 ||| qw: Do Orc after D:15 true
     0 | D:1      | 0 ||| qw: Do second Lair branch before Depths: true
     0 | D:1      | 0 ||| qw: Lair rune preference: random
     0 | D:1      | 0 ||| qw: Plans: Normal
     0 | D:1      | 0 ||| PLANNING D:1-11
   108 | D:1      | Reached XP level 2. HP: 17/17 MP: 2/2
   443 | D:1      | Reached XP level 3. HP: 21/21 MP: 3/3
   449 | D:1      | Reached skill level 5 in Ranged Weapons
   901 | D:1      | 901 ||| UPGRADING to +0 helmet.
   906 | D:1      | 906 ||| DROPPING ring of magical power.
   907 | D:1      | 907 ||| READING scroll labelled KUKKE DALIGEDO.
   908 | D:1      | 908 ||| READING scroll labelled QIOSKA MUARAUT.
   909 | D:1      | 909 ||| DROPPING scroll of butterflies.
  1042 | D:2      | Reached skill level 3 in Fighting
  1104 | D:2      | Reached XP level 4. HP: 26/28 MP: 4/4
  1534 | D:2      | 1534 ||| UPGRADING to +0 pair of boots.
  1539 | D:2      | 1539 ||| READING scroll labelled LAASOVV REUQ.
  1540 | D:2      | 1540 ||| READING scroll labelled XUITOCV COUTZ.
  1541 | D:2      | 1541 ||| READING scroll labelled NAWNERETWU.
  1559 | D:2      | 1559 ||| DRINKING 2 grey potions.
  1560 | D:2      | 1560 ||| DROPPING potion of brilliance.
  1586 | D:3      | Found a faded altar of an unknown god.
  1587 | D:3      | 1587 ||| PLANNING SEWER
  1606 | D:3      | Reached skill level 1 in Armour
  1861 | D:3      | Reached XP level 5. HP: 32/32 MP: 5/5
  1990 | D:3      | 1990 ||| Stepping ~*~*~tactically~*~*~ (water).
  2003 | D:3      | Found a glowing drain.
  2013 | D:3      | 2013 ||| READING scroll labelled QUFIYT HODIFF.
  2014 | D:3      | 2014 ||| DRINKING 2 fizzy green potions.
  2021 | Sewer    | Entered a sewer
  2026 | Sewer    | 2026 ||| Stepping ~*~*~tactically~*~*~ (water).
  2048 | Sewer    | 2048 ||| Stepping ~*~*~tactically~*~*~ (water).
  2097 | Sewer    | Noticed Pargi
  2098 | Sewer    | 2098 ||| Stepping ~*~*~tactically~*~*~ (water).
  2109 | Sewer    | Killed Pargi
  2110 | Sewer    | Reached skill level 6 in Ranged Weapons
  2110 | Sewer    | Reached XP level 6. HP: 22/37 MP: 6/6
  2179 | Sewer    | 2179 ||| Stepping ~*~*~tactically~*~*~ (water).
  2181 | Sewer    | 2181 ||| Stepping ~*~*~tactically~*~*~ (water).
  2218 | Sewer    | 2218 ||| READING 2 scrolls labelled MAUSCH HUFUDUY.
  2219 | Sewer    | 2219 ||| READING scroll of enchant armour.
  2219 | Sewer    | 2219 ||| ENCHANTING +0 helmet.
  2220 | Sewer    | 2220 ||| DRINKING 2 coppery potions.
  2221 | Sewer    | 2221 ||| DRINKING 3 sapphire potions.
  2222 | Sewer    | 2222 ||| DROPPING 2 potions of invisibility.
  2237 | D:3      | 2237 ||| PLANNING D:1-11
  2488 | D:4      | Identified the +8 great mace of Doors {speed, Dex+4 Stlth+}
  2488 | D:4      | Noticed qw's ghost (amateur MiHu)
  2491 | D:4      | Noticed Duvessa
  2496 | D:4      | Noticed Dowan
  2510 | D:4      | Killed Duvessa
  2516 | D:4      | Killed Dowan
  2581 | D:4      | Found a transporter.
  2682 | D:4      | 2682 ||| FLEEEEING.
  2846 | D:4      | 2846 ||| DRINKING 3 potions of curing.
  2846 | D:4      | 2846 ||| (to cure confusion)
  2847 | D:4      | 2847 ||| DRINKING 2 potions of curing.
  2847 | D:4      | 2847 ||| (to cure confusion)
  2848 | D:4      | 2848 ||| DRINKING potion of curing.
  2848 | D:4      | 2848 ||| (to cure confusion)
  2851 | D:4      | Reached skill level 7 in Ranged Weapons
  2851 | D:4      | Reached XP level 7. HP: 44/44 MP: 7/7
  3353 | D:4      | 3353 ||| UPGRADING to +0 ring mail.
  3363 | D:4      | 3363 ||| DROPPING +0 leather armour.
  3364 | D:4      | 3364 ||| READING 2 scrolls labelled FEOKLA SO LUU.
  3368 | D:4      | 3368 ||| READING scroll labelled MIRCHO WOPP.
  3369 | D:4      | 3369 ||| DRINKING 2 gluggy clear potions.
  3369 | D:4      | Gained mutation: Your muscles are strong. (Str +4, Int/Dex
                  | -1) [potion of mutation]
  3369 | D:4      | Gained mutation: A frigid envelope surrounds you and
                  | freezes all who hurt you. [potion of mutation]
  3391 | D:5      | Entered Level 5 of the Dungeon
  3532 | D:5      | Found Ystrasu's Jewellery Boutique.
  3543 | D:5      | 3543 ||| SHOPLISTING amulet of the acrobat (300 gold, have
                  | 168).
  3543 | D:5      | 3543 ||| SHOPLISTING ring of resist corrosion (200 gold,
                  | have 168).
  3543 | D:5      | 3543 ||| BUYING ring of see invisible (150 gold).
  3543 | D:5      | Bought a ring of see invisible for 150 gold pieces
  3543 | D:5      | 3543 ||| SHOPLISTING ring of see invisible (150 gold, have
                  | 18).
  3543 | D:5      | 3543 ||| SHOPLISTING ring of willpower (250 gold, have 18).
  3652 | D:5      | 3652 ||| SWAPPING to +0 longbow.
  3653 | D:5      | 3653 ||| DROPPING +0 shortbow of freezing.
  3742 | D:5      | 3742 ||| UPGRADING to ring of protection from cold.
  3743 | D:5      | 3743 ||| UPGRADING to ring of see invisible.
  3744 | D:5      | 3744 ||| READING scroll labelled NOMOJU IDD.
  3779 | D:5      | 3779 ||| DRINKING 2 puce potions.
  3800 | D:5      | 3800 ||| FLEEEEING.
  3805 | D:5      | 3805 ||| FLEEEEING.
  3806 | D:5      | 3806 ||| FLEEEEING.
  4182 | D:6      | 4182 ||| Stepping ~*~*~tactically~*~*~ (outnumbered).
  4183 | D:6      | 4183 ||| Stepping ~*~*~tactically~*~*~ (outnumbered).
  4188 | D:6      | 4188 ||| Stepping ~*~*~tactically~*~*~ (outnumbered).
  4194 | D:6      | Reached skill level 8 in Ranged Weapons
  4194 | D:6      | Reached XP level 8. HP: 42/48 MP: 8/8
  4194 | D:6      | 4194 ||| STAIRDANCE
  4214 | D:5      | 4214 ||| READING scroll labelled TUD DISSIARI.
  4741 | D:6      | Reached skill level 9 in Ranged Weapons
  4845 | D:6      | Reached skill level 6 in Fighting
  4991 | D:6      | 4991 ||| UPGRADING to +4 ring of protection.
  4993 | D:6      | 4993 ||| READING scroll labelled HEXZU CIOPI.
  4994 | D:6      | 4994 ||| DRINKING 2 inky potions.
  5154 | D:7      | Found a staircase to the Ecumenical Temple.
  5155 | D:7      | 5155 ||| PLANNING TEMPLE
  5163 | Temple   | Entered the Ecumenical Temple
  5268 | Temple   | 5268 ||| PLANNING OKAWARU WORSHIP
  5491 | Temple   | Became a worshipper of Warmaster Okawaru
  5491 | Temple   | 5491 ||| PLANNING D:1-11
  5631 | D:7      | Reached skill level 10 in Ranged Weapons
  5677 | D:7      | Reached skill level 3 in Armour
  5677 | D:7      | Reached XP level 9. HP: 55/55 MP: 9/9
  5782 | D:7      | 5782 ||| Stepping ~*~*~tactically~*~*~ (outnumbered).
  5996 | D:7      | Reached * piety under Okawaru
  6118 | D:7      | 6118 ||| INVOKING Heroism.
  6531 | D:7      | 6531 ||| UPGRADING to +3 leather armour.
  6541 | D:7      | 6541 ||| DROPPING +0 ring mail.
  6542 | D:7      | 6542 ||| READING 3 scrolls of identify.
  6542 | D:7      | 6542 ||| IDENTIFYING fuming yellow potion
  6543 | D:7      | 6543 ||| READING 2 scrolls of identify.
  6543 | D:7      | 6543 ||| IDENTIFYING bubbling blue potion
  6631 | D:8      | Reached skill level 3 in Dodging
  6685 | D:8      | Found a hazy altar of Hepliaklqana.
  6695 | D:8      | Found a staircase to the Lair.
  6704 | D:8      | Reached skill level 1 in Invocations
  6978 | D:8      | Found Kurgh's Assorted Antiques.
  6986 | D:8      | 6986 ||| BUYING pair of runed gloves (225 gold).
  6986 | D:8      | Bought a pair of runed gloves for 225 gold pieces
  6986 | D:8      | 6986 ||| SHOPLISTING pitted scarf (300 gold, have 21).
  7033 | D:8      | Noticed a hornet
  7039 | D:8      | Killed a hornet
  7040 | D:8      | Reached skill level 3 in Invocations
  7152 | D:8      | 7152 ||| Stepping ~*~*~tactically~*~*~ (outnumbered).
  7154 | D:8      | 7154 ||| Stepping ~*~*~tactically~*~*~ (outnumbered).
  7156 | D:8      | 7156 ||| Stepping ~*~*~tactically~*~*~ (outnumbered).
  7160 | D:8      | 7160 ||| Stepping ~*~*~tactically~*~*~ (outnumbered).
  7161 | D:8      | 7161 ||| Stepping ~*~*~tactically~*~*~ (outnumbered).
  7162 | D:8      | 7162 ||| Stepping ~*~*~tactically~*~*~ (outnumbered).
  7207 | D:8      | 7207 ||| PLANNING LAIR
  7207 | D:8      | 7207 ||| UPGRADING to +1 pair of gloves.
  7212 | D:8      | 7212 ||| DROPPING ring of wizardry.
  7213 | D:8      | 7213 ||| DRINKING 2 silvery potions.
  7214 | D:8      | 7214 ||| DROPPING potion of enlightenment.
  7265 | Lair:1   | Entered Level 1 of the Lair of Beasts
  7265 | Lair:1   | Noticed a death yak
  7265 | Lair:1   | Noticed a death yak
  7266 | Lair:1   | 7266 ||| INVOKING Heroism.
  7270 | Lair:1   | Noticed a death yak
  7270 | Lair:1   | Noticed a death yak
  7272 | Lair:1   | Noticed a black mamba
  7273 | Lair:1   | Killed a death yak
  7274 | Lair:1   | Reached skill level 11 in Ranged Weapons
  7274 | Lair:1   | Reached XP level 10. HP: 63/63 MP: 9/13
  7279 | Lair:1   | Killed a death yak
  7279 | Lair:1   | Reached ** piety under Okawaru
  7282 | Lair:1   | Killed a black mamba
  7285 | Lair:1   | 7285 ||| STAIRDANCE
  7287 | D:8      | 7287 ||| INVOKING Heroism.
  7287 | D:8      | HP: 11/64 [death yak (18)]
  7288 | D:8      | 7288 ||| READING scroll of teleportation.
  7289 | D:8      | 7289 ||| DRINKING potion of heal wounds.
  7291 | D:8      | Killed a death yak
  7291 | D:8      | Reached *** piety under Okawaru
  7292 | D:8      | Reached skill level 12 in Ranged Weapons
  7465 | D:8      | 7465 ||| INVOKING Heroism.
  7484 | D:8      | Killed a death yak
  7592 | Lair:1   | Noticed a cane toad
  7593 | Lair:1   | 7593 ||| INVOKING Heroism.
  7601 | Lair:1   | Killed a cane toad
  7602 | Lair:1   | Reached skill level 13 in Ranged Weapons
  7612 | Lair:1   | Reached skill level 9 in Fighting
  7617 | Lair:1   | HP: 12/66 [yak (9)]
  7622 | Lair:1   | Reached **** piety under Okawaru
  7623 | Lair:1   | Reached XP level 11. HP: 11/71 MP: 14/14
  7628 | Lair:1   | HP: 5/71 [blink frog (7)]
  7628 | Lair:1   | Noticed a death yak
  7630 | Lair:1   | Slain by a blink frog

Levels and vault maps discovered:
D:1:      wheals_arrival_linesprint, layout_loops_ring, chequers_avenue
D:2:      layout_loops_ring
D:3:      layout_loops_ring, nicolae_ecumenical_pavilion, gup_sewer_entry_pipe,
          amcnicky_mini_corridor_feature
D:4:      layout_loops_cross, gammafunk_ghost_smash, uniq_duvessa
D:5:      layout_loops_cross, hangedman_glass_teeth, nicolae_wooded_promenade
D:6:      layout_gridville
D:7:      layout_cave_pods, minmay_temple_entry_waves,
          minmay_misc_feat_nine_boxes, kennysheep_boxes
D:8:      layout_basic, old_standard_altar, dpeg_oklobed_lair, serial_shops,
          nicolae_shop_peninsula
Temple:   mainiacjoe_temple_cubbyholes
Lair:1:   layout_chaotic_city

Skill      XL: |  1  2  3  4  5  6  7  8  9 10 |
---------------+-------------------------------+-----
Ranged Weapons | 5 6 7 8 10 11 13 | 13.1
Fighting       | 3 4 6 7 9 |  9.0
Armour         | 1 2 3 |  3.0
Dodging        | 2 3 |  3.9
Invocations    | 5 |  5.4
Stealth        | |  1.1

Action                     |  1- 3 |  4- 6 |  7- 9 | 10-12 || total
---------------------------+-------+-------+-------+-------++-------
   Fire: Shortbow          |   114 |   146 |    63 |       ||   323
         Longbow           |       |       |   230 |    69 ||   299
 Invoke: Heroism           |       |       |     2 |     3 ||     5
    Use: Scroll            |     2 |     6 |     7 |     1 ||    16
         Potion            |       |     7 |     4 |     1 ||    12
 Armour: Leather armour    |    18 |    35 |    38 |    33 ||   124
         Ring mail         |       |       |    48 |       ||    48
  Dodge: Dodged            |    27 |    30 |   109 |    65 ||   231

Table legend:
 A = Non-vault XP
 B = Vault XP
 C = Vault XP percentage of total XP
 D = Non-vault monster count
 E = Vault monster count
 F = Vault count percentage of total count
                 A         B        C        D         E       F
            +---------+---------+-------+---------+---------+-------
      Total |    9327 |     359 |   3.7 |     172 |      17 |   9.0
            +---------+---------+-------+---------+---------+-------
        D:1 |      46 |       0 |   0.0 |      27 |       0 |   0.0
        D:2 |      45 |       0 |   0.0 |      16 |       0 |   0.0
        D:3 |      95 |      14 |  12.8 |      12 |       7 |  36.8
        D:4 |     292 |     208 |  41.6 |      28 |       2 |   6.7
        D:5 |     203 |       0 |   0.0 |       8 |       0 |   0.0
        D:6 |     829 |       0 |   0.0 |      21 |       0 |   0.0
        D:7 |    1220 |       0 |   0.0 |      34 |       0 |   0.0
        D:8 |    2571 |       0 |   0.0 |      15 |       0 |   0.0
     Lair:1 |    4026 |       0 |   0.0 |      11 |       0 |   0.0
      Sewer |       0 |     137 | 100.0 |       0 |       8 | 100.0
            +---------+---------+-------+---------+---------+-------
